Map: Ruins of Seras

Players

MorN - Winner!

  • Race: Terran Terran
  • League: Platinum

FatPanda

  • Race: Terran Terran
  • League: Platinum

VOD

Have the link to the VOD?

Description

Time

  • Played on: Nov. 17, 2015, 1:39 a.m.
  • Length: 14:40
Show
View Real Time Build Order
Export as new Build Order

MorN Terran - Winner!

Build Orders: Banshee Rush 

Get SALT Encoding   

  12  0:00  SCV  
  13  0:13  SCV  
  14  0:18  Supply Depot  
  14  0:25  SCV  
  15  0:28  Refinery  
  15  0:39  SCV  
  16  0:46  Barracks  
  16  0:56  SCV  
  17  1:08  SCV  
  18  1:20  SCV  
  19  1:33  Marine  
  19  1:34  Orbital Command  
  20  1:49  Command Center  
  20  2:01  Factory  
  20  2:04  SCV  
  21  2:10  Marine  
  22  2:18  SCV  
  22  2:19  Refinery  
  23  2:24  Supply Depot  
  23  2:45  SCV, Marine  
  23  2:49  Starport  
  24  3:00  Factory Tech Lab  
  24  3:03  Marine  
  25  3:08  SCV, Orbital Command  
  26  3:20  SCV  
  26  3:31  Banshee, Cloaking Field  
  26  3:32  SCV  
  26  3:34  SCV, Factory Reactor, Marine  
  32  3:46  Bunker  
  32  3:48  SCV  
  33  3:50  SCV  
  33  3:52  Marine  
  35  4:01  SCV  
  36  4:03  Supply Depot  
  36  4:09  SCV  
  37  4:13  SCV  
  37  4:14  Banshee  
  42  4:21  SCV  
  42  4:24  Factory Tech Lab  
  42  4:25  SCV  
  42  4:26  Engineering Bay  
  43  4:33  SCV, Marine x2  
  43  4:36  Supply Depot  
  46  4:39  SCV  
  46  4:45  Cyclone  
  50  4:46  SCV  
  50  4:51  Marine x2  
  53  4:55  Missile Turret  
  53  4:56  Missile Turret  
  53  5:17  SCV  
  53  5:20  SCV  
  55  5:27  Barracks  
  55  5:29  Barracks  
  55  5:30  Combat Shields  
  55  5:32  Command Center  
  55  5:33  Marine  
  55  5:34  SCV, Starport Reactor  
  57  5:36  Engineering Bay  
  57  5:37  SCV, Engineering Bay  
  57  5:40  Terran Infantry Weapons Level 1  
  58  5:46  SCV  
  56  5:51  SCV  
  57  5:58  SCV  
  57  6:00  Siege Tank, Refinery, Marine  
  57  6:01  Refinery  
  57  6:03  Terran Infantry Armor Level 1  
  62  6:05  SCV  
  62  6:10  SCV  
  61  6:12  Supply Depot  
  61  6:17  SCV  
  62  6:22  Barracks x2, Starport Reactor  
  62  6:26  Supply Depot  
  62  6:33  SCV x2, Marine x5  
  69  6:44  Armory, Siege Tank  
  69  6:45  SCV  
  74  6:50  Orbital Command  
  74  6:51  SCV, Marine x2  
  74  6:53  Marine x2  
  78  6:54  Supply Depot  
  78  6:59  Marine  
  79  7:08  Marine x2  
  79  7:09  Medivac x2  
  79  7:10  Barracks Reactor  
  79  7:11  Barracks Reactor, SCV  
  79  7:13  Marine x2  
  88  7:16  Siege Tank  
  88  7:19  Orbital Command  
  91  7:26  Marine x2  
  93  7:37  Marine x3  
  93  7:39  Terran Infantry Weapons Level 2  
  93  7:40  Supply Depot x2  
  93  7:41  SCV, Terran Vehicle Weapons Level 1  
  93  7:42  SCV, Refinery x2  
  98  7:46  Marine x3  
  98  7:50  Marine  
  101  7:58  Terran Infantry Armor Level 2  
  101  8:00  Supply Depot  
  101  8:01  Marine  
  101  8:02  SCV x3, Marine x4  
  109  8:09  Marine x2  
  111  8:19  Stimpack  
  94  8:23  Marine x2  
  94  8:24  Marine x4  
  94  8:25  Siege Tank  
  100  8:29  SCV x3  
  100  8:32  Medivac  
  105  8:34  Supply Depot  
  105  8:39  Marine x2  
  108  8:41  SCV x2  
  108  8:42  Marine  
  108  8:43  Supply Depot  
  110  8:49  Command Center  
  110  8:52  Marine x4  
  110  8:55  Medivac  
  116  8:56  Marine x2  
  116  8:59  SCV  
  116  9:00  Supply Depot  
  116  9:01  Medivac  
  121  9:07  Starport  
  121  9:09  Marine x3  
  122  9:15  Supply Depot  
  122  9:16  Marine x6  
  130  9:19  SCV x2  
  132  9:24  Medivac  
  132  9:27  Marine x2  
  132  9:31  SCV x3  
  137  9:37  Supply Depot  
  139  9:43  SCV x3, Marine x7  
  149  9:45  Marine  
  149  9:48  Supply Depot, Starport Reactor  
  149  9:52  Marine  
  151  9:55  SCV  
  152  10:01  Marine x4  
  152  10:03  Planetary Fortress, Barracks x2  
  152  10:04  Barracks  
  155  10:10  Liberator x2  
  154  10:20  Marine x2  
  154  10:21  Marine x2  
  158  10:23  Siege Tank  
  158  10:25  Viking x2  
  170  10:34  Marine x4  
  174  10:46  Marine x2  
  174  10:49  Marine x2  
  176  10:55  Siege Tank, Refinery  
  176  10:56  Refinery  
  167  10:59  Liberator  
  167  11:01  Marine x4  
  167  11:02  Barracks Reactor x3  
  163  11:04  Barracks Tech Lab x2  
  163  11:05  Terran Infantry Weapons Level 3  
  163  11:06  Terran Infantry Armor Level 3  
  163  11:07  SCV  
  163  11:08  Medivac  
  163  11:09  Viking  
  163  11:10  Viking  
  173  11:21  Liberator  
  143  11:39  Marine x2  
  126  11:41  Marine  
  126  11:43  Marine x5  
  126  11:44  Marauder x3, Siege Tank, Marine x2  
  126  11:45  Medivac x2  
  146  11:47  Command Center  
  146  11:57  Marine x2  
  146  11:59  Marine, Medivac  
  149  12:02  Marine x2  
  149  12:05  Marauder  
  153  12:10  Marine x2  
  153  12:15  Medivac x2  
  159  12:17  Marine x2  
  159  12:18  Marine x2, Marauder  
  159  12:20  Marauder, Marine x3  
  159  12:21  Medivac  
  165  12:35  Marine x3  
  165  12:36  Marauder, Marine x4  
  171  12:39  Marine x3  
  171  12:40  Marauder  
  176  12:47  Marine  
  177  12:53  Marine x3  
  177  12:54  Marine  
  177  12:57  Marauder  
  183  13:04  Marine x2  
  183  13:05  Marauder  
  172  13:06  Marine x2  
  172  13:07  Marauder  
  172  13:09  Marine x2  
  172  13:11  Marine  
  172  13:17  Marine  
  172  13:18  Marine  
  172  13:19  Marauder  
  155  13:20  Marine  
  155  13:22  Marine  
  155  13:26  Marauder  
  144  13:27  Viking x2  
  144  13:28  Marauder  
  149  13:38  Refinery  
  149  13:40  Refinery, Marine x5  
  149  13:41  Marine  
  154  13:50  Orbital Command  
  154  13:57  Marauder, Marine x3  
  159  14:05  Marine x6  
  159  14:06  Marauder x2, Marine  
  159  14:08  Medivac  
  172  14:14  Marine  
  172  14:15  Marine x2  
  175  14:19  Marauder  
Show
View Real Time Build Order
Export as new Build Order

FatPanda Terran 

Build Orders: Reaper Expand 

Get SALT Encoding   

  12  0:02  SCV  
  13  0:14  SCV  
  13  0:18  Supply Depot  
  14  0:26  SCV  
  15  0:40  SCV  
  15  0:42  Barracks  
  16  0:50  Refinery  
  16  0:52  SCV  
  17  1:04  SCV  
  18  1:16  SCV  
  19  1:32  Orbital Command  
  19  1:34  Reaper  
  20  1:48  Command Center  
  20  1:57  SCV  
  21  2:07  Supply Depot  
  21  2:10  SCV  
  21  2:14  Factory  
  21  2:22  SCV  
  22  2:26  Refinery  
  22  2:28  Marine  
  23  2:34  SCV  
  24  2:45  Marine  
  24  2:46  SCV  
  26  3:00  SCV  
  26  3:08  Marine  
  26  3:09  Widow Mine  
  29  3:17  Orbital Command  
  29  3:19  SCV  
  30  3:23  Starport  
  30  3:27  Engineering Bay  
  30  3:32  Marine  
  30  3:33  SCV  
  32  3:40  Factory Tech Lab  
  32  3:45  SCV  
  32  3:46  SCV  
  34  3:54  Barracks Reactor  
  34  3:57  SCV  
  34  3:58  SCV  
  34  3:59  Missile Turret  
  34  4:00  Viking, Siege Tank  
  41  4:04  Missile Turret  
  41  4:09  SCV  
  42  4:11  Supply Depot, SCV  
  43  4:21  SCV  
  43  4:23  SCV  
  45  4:30  Supply Depot  
  45  4:33  Viking  
  45  4:34  SCV, Siege Tank  
  45  4:35  Marine x2  
  45  4:36  SCV  
  54  4:47  Supply Depot  
  54  4:51  SCV x2  
  56  4:56  Marine  
  56  4:57  Marine  
  58  5:03  SCV x2  
  58  5:05  Command Center  
  60  5:18  SCV x2  
  58  5:25  Marine x2  
  58  5:26  Viking, Siege Tank  
  63  5:30  SCV x2  
  63  5:32  Terran Infantry Weapons Level 1  
  64  5:38  Barracks  
  64  5:39  Barracks  
  64  5:42  SCV x2  
  64  5:54  SCV  
  64  5:55  SCV  
  64  6:06  SCV  
  64  6:07  Marine x2  
  64  6:10  Missile Turret  
  67  6:11  Viking  
  67  6:15  SCV  
  67  6:18  Supply Depot x2  
  70  6:20  Supply Depot, Refinery  
  70  6:22  Refinery  
  70  6:25  Missile Turret  
  70  6:27  Missile Turret  
  70  6:39  SCV x2, Siege Tank, Marine x2  
  77  6:40  Barracks Tech Lab  
  77  6:41  Barracks  
  77  6:47  Barracks Reactor  
  77  6:51  SCV x2  
  79  6:57  Supply Depot, Orbital Command, Marine  
  79  7:00  Supply Depot  
  80  7:03  Marine  
  80  7:04  Marine  
  80  7:06  Missile Turret  
  82  7:12  Stimpack  
  82  7:23  Marine x3  
  82  7:24  Marine x2  
  82  7:25  Siege Tank, Orbital Command  
  82  7:26  Starport Reactor  
  90  7:40  SCV  
  90  7:41  SCV, Marine  
  90  7:42  Barracks Reactor  
  93  7:53  SCV x2  
  93  7:57  SCV  
  96  7:59  Marine  
  96  8:00  Marine x4  
  96  8:05  SCV x2, Supply Depot  
  103  8:06  Supply Depot  
  103  8:17  Marine x2  
  103  8:18  Marine  
  98  8:20  Marine x3  
  98  8:21  Marine  
  98  8:22  Siege Tank  
  101  8:31  Medivac x2  
  101  8:33  SCV  
  101  8:34  SCV  
  107  8:35  Marine x3  
  107  8:38  Armory, Barracks, Marine x3  
  107  8:39  Barracks  
  113  8:42  Terran Infantry Armor Level 1  
  113  8:43  Engineering Bay  
  113  8:50  Supply Depot  
  113  8:51  Supply Depot  
  113  8:55  Command Center  
  113  8:56  Missile Turret  
  113  9:00  Missile Turret  
  113  9:04  Marine x2  
  113  9:05  Marine x5  
  120  9:22  Marine x3  
  120  9:23  Marine x3  
  129  9:24  Siege Tank, Medivac  
  129  9:25  Medivac  
  129  9:29  SCV x3  
  136  9:33  Marine  
  139  9:40  Terran Infantry Weapons Level 2, Marine  
  139  9:41  Terran Vehicle And Ship Armor Level 1  
  139  9:42  Marine x3  
  139  9:44  Barracks Reactor  
  139  9:45  Barracks Reactor, Marine x2  
  141  9:50  Marine  
  141  9:52  Supply Depot  
  144  9:53  Supply Depot  
  144  9:58  Marine  
  144  10:00  Marine x3  
  144  10:03  Marine  
  146  10:25  Marine x5  
  146  10:26  Marine x6  
  146  10:28  Siege Tank, Medivac x2  
  160  10:29  Orbital Command  
  160  10:32  Command Center  
  164  10:40  Terran Infantry Armor Level 2  
  164  10:42  Marine  
  164  10:43  Marine x5  
  164  10:44  Marine  
  168  11:01  Marine x6  
  168  11:02  Marine x5  
  168  11:03  Siege Tank, Medivac x2  
  183  11:10  Factory  
  183  11:11  Factory  
  183  11:18  Marine  
  183  11:19  Marine x2  
  183  11:20  Orbital Command  
  128  11:39  Marine x2  
  105  11:40  Marine x5  
  97  11:49  Marine x4  
  97  11:50  Siege Tank  
  97  11:51  Medivac x2  
  108  11:57  Marine x3  
  108  12:00  Marine x4  
  115  12:03  Factory Tech Lab x2  
  115  12:07  Marine x3  
  118  12:19  Orbital Command  
  118  12:21  Medivac  
  120  12:23  Siege Tank  
  122  12:34  Marine x6  
  122  12:35  Marine x5  
  122  12:36  Siege Tank  
  139  12:37  Siege Tank, Medivac  
  141  12:51  Marine, Medivac  
  143  12:52  Marine x6  
  143  12:56  Marine x4  
  139  13:09  Marine x2  
  139  13:10  Marine x5  
  118  13:22  Marine x3  
  106  13:39  Marine x3  
  106  13:40  Marine x6  
  106  13:41  Marine x2  
  116  13:42  Siege Tank x3, Medivac x2  
  130  13:57  Marine x4  
  130  13:58  Marine x3  
  137  14:06  Marine x2  
  137  14:07  Marine x2  
  131  14:15  Marine x3  
  139  14:18  Marine x2  
  139  14:19  Marine x2  
  143  14:29  Refinery x2  
Tags
 
Add a new tag
Caveats
  • Supply blocks, unpowered buildings, or Contaminate may cause inaccurate times.
  • Supply counts are checked every 10 seconds.